Map: Orbital Shipyard

Players

Wellmet - Winner!

  • Race: Terran Terran
  • League: Master

MsSpyteJP

  • Race: Zerg Zerg
  • League: Platinum

VOD

Have the link to the VOD?

Description

Time

  • Played on: Nov. 15, 2015, 2:17 a.m.
  • Length: 12:25
Show
View Real Time Build Order
Export as new Build Order

Wellmet Terran - Winner!

Build Orders: Reaper Expand 

Get SALT Encoding   

  12  0:01  SCV  
  13  0:13  SCV  
  14  0:17  Supply Depot  
  14  0:25  SCV  
  15  0:39  SCV  
  15  0:40  Barracks  
  16  0:50  Refinery  
  16  0:51  SCV  
  17  1:03  SCV  
  18  1:15  SCV  
  19  1:28  Orbital Command  
  19  1:33  Reaper  
  20  1:40  Command Center  
  20  1:54  SCV  
  21  1:57  Supply Depot  
  21  2:05  Barracks Reactor  
  21  2:06  SCV  
  22  2:18  SCV  
  23  2:30  SCV  
  23  2:31  Factory  
  24  2:41  Command Center  
  24  2:43  SCV  
  25  2:44  Marine x2  
  27  2:53  Orbital Command  
  27  2:56  SCV  
  28  3:01  Refinery  
  28  3:08  SCV  
  29  3:18  Starport  
  29  3:19  SCV  
  30  3:21  SCV  
  30  3:23  Hellion, Barracks Tech Lab  
  33  3:31  SCV  
  33  3:33  SCV  
  35  3:41  Hellion  
  37  3:43  SCV, Marine  
  37  3:44  Hellion  
  37  3:45  SCV, Stimpack  
  42  3:54  Orbital Command  
  42  3:55  SCV  
  43  3:57  SCV  
  43  3:58  Viking  
  46  4:07  SCV  
  46  4:08  Hellion x2  
  51  4:10  Orbital Command  
  51  4:15  SCV  
  54  4:17  Marauder  
  54  4:21  Supply Depot  
  54  4:25  SCV  
  54  4:28  SCV  
  54  4:29  Starport Reactor  
  56  4:37  SCV  
  57  4:43  SCV x2, Barracks  
  59  4:46  Marauder  
  59  4:47  Factory Reactor  
  59  4:48  Barracks  
  59  4:51  Barracks  
  61  4:54  SCV  
  61  4:55  Refinery x2, Engineering Bay x2  
  60  5:04  SCV  
  60  5:05  SCV  
  62  5:11  SCV  
  63  5:16  SCV  
  63  5:18  Starport Reactor, Marauder  
  63  5:19  SCV  
  67  5:22  Missile Turret  
  67  5:23  SCV, Missile Turret  
  67  5:27  Missile Turret  
  67  5:28  SCV  
  69  5:30  Supply Depot  
  69  5:33  SCV  
  70  5:39  Barracks  
  70  5:40  Factory Tech Lab, Marine x3  
  70  5:41  Barracks, Marine  
  74  5:43  Marine  
  74  5:46  Marauder  
  74  5:47  Barracks  
  77  5:51  SCV, Marine  
  77  5:53  Supply Depot  
  77  5:56  Supply Depot  
  79  5:58  SCV x2  
  79  5:59  Marine x2  
  79  6:04  Terran Infantry Weapons Level 1  
  83  6:05  Terran Infantry Armor Level 1  
  83  6:08  Medivac  
  85  6:14  Medivac  
  85  6:15  SCV  
  85  6:17  Siege Tank  
  91  6:19  Supply Depot  
  91  6:20  Marine  
  91  6:21  Marine  
  91  6:23  Marine x3  
  96  6:25  Marine  
  96  6:28  SCV x2  
  96  6:32  Marine x2  
  99  6:36  Barracks Reactor  
  99  6:39  Bunker  
  91  6:41  Medivac  
  91  6:42  Marine x2  
  91  6:44  Medivac  
  96  6:51  Marine  
  89  6:54  Marine x2, Liberator  
  89  6:57  SCV x2  
  78  7:02  SCV  
  61  7:09  SCV x2  
  61  7:11  Marine x2  
  61  7:13  Marine x3  
  61  7:14  Marine  
  61  7:15  SCV  
  72  7:17  Marine  
  72  7:21  SCV x2  
  72  7:23  Marine x2  
  72  7:24  Marine  
  72  7:27  SCV  
  72  7:28  Marine x3  
  79  7:33  SCV x2  
  79  7:36  Marine x2  
  83  7:39  SCV  
  83  7:45  SCV  
  83  7:46  SCV  
  83  7:49  Siege Tank  
  83  7:50  Armory, Marine  
  83  7:51  SCV, Marine  
  91  7:53  Marine  
  91  7:58  SCV x2  
  94  7:59  Marine  
  94  8:00  Marine  
  94  8:03  SCV  
  97  8:10  SCV x2, Marine x5  
  104  8:15  SCV  
  104  8:18  Marine x3  
  108  8:22  Supply Depot x2, SCV  
  108  8:24  Supply Depot  
  109  8:27  Bunker  
  109  8:38  Terran Infantry Weapons Level 2  
  109  8:39  Terran Infantry Armor Level 2  
  109  8:43  SCV, Siege Tank, Marine x3  
  109  8:44  Marine  
  109  8:45  Marine  
  109  8:46  Supply Depot  
  109  8:48  SCV x2  
  119  8:51  Marine x2  
  119  8:53  Marine x2  
  121  8:55  SCV  
  121  8:56  Marine x2  
  121  9:01  Marine x2  
  119  9:06  Marine  
  114  9:10  Marine x2  
  114  9:13  Marine x2  
  114  9:16  Marine  
  114  9:17  Marine  
  115  9:21  Marine x2  
  115  9:23  SCV x2  
  108  9:27  SCV  
  108  9:30  Marine x2  
  108  9:31  Marine  
  108  9:35  SCV  
  104  9:39  SCV  
  103  9:46  SCV  
  103  9:47  SCV  
  105  9:57  Marine x2  
  105  9:58  Marauder, Marine x3  
  112  10:02  Marine  
  112  10:05  Marine x2  
  115  10:07  Marine  
  115  10:08  Marine  
  115  10:09  Missile Turret  
  115  10:11  SCV x3  
  117  10:15  Marine x3  
  117  10:18  Command Center  
  117  10:20  Marauder  
  122  10:24  Marine x2  
  122  10:25  Marine x3  
  122  10:27  Marine x2  
  127  10:33  Marine  
  127  10:34  SCV x2, Marine x2  
  131  10:37  SCV  
  131  10:40  Marine  
  132  10:47  SCV x2  
  132  10:49  Marine x2  
  137  10:50  SCV  
  137  10:53  Marine  
  138  10:59  SCV, Marine  
  138  11:00  Marine  
  138  11:01  SCV  
  138  11:02  SCV  
  138  11:03  Marine  
  124  11:08  Liberator x2  
  124  11:09  Marine x7  
  129  11:15  Marine  
  129  11:17  Marine  
  131  11:21  Marine  
  131  11:22  SCV x2  
  140  11:27  Marine  
  140  11:29  Marine  
  142  11:33  Supply Depot  
  142  11:34  SCV  
  142  11:37  Marine x2  
  142  11:39  Marine x2  
  144  11:44  Factory  
  144  11:49  Marine  
  144  11:50  Marauder, Marine x2  
  144  11:52  Barracks Tech Lab x2  
  149  12:02  Marine x2  
Show
View Real Time Build Order
Export as new Build Order

MsSpyteJP Zerg 

Build Orders: Hatch First 

Get SALT Encoding   

  12  0:01  Drone  
  13  0:08  Drone  
  14  0:17  Overlord  
  14  0:23  Extractor  
  14  0:24  Drone  
  15  0:46  Hatchery  
  15  0:49  Drone  
  15  0:52  Drone  
  16  1:08  Spawning Pool  
  15  1:11  Drone  
  15  1:14  Drone  
  15  1:18  Drone  
  18  1:22  Drone  
  19  1:33  Overlord  
  19  1:45  Drone  
  20  1:55  Queen  
  20  1:58  Queen  
  20  1:59  Zergling x4  
  26  2:06  Drone  
  27  2:12  Overlord  
  27  2:16  Drone  
  27  2:20  Drone  
  29  2:31  Queen  
  29  2:33  Queen  
  33  2:43  Drone x4  
  37  2:50  Drone  
  38  2:53  Extractor x2  
  36  3:03  Overlord  
  36  3:05  Drone x2  
  38  3:13  Drone x4  
  38  3:18  Drone  
  38  3:19  Drone  
  44  3:22  Overlord x2  
  44  3:36  Drone x2  
  44  3:38  Drone x2  
  44  3:39  Lair  
  48  3:43  Drone x6  
  54  3:51  Evolution Chamber  
  54  3:55  Evolution Chamber  
  52  4:11  Extractor  
  52  4:12  Extractor  
  48  4:22  Roach Warren  
  48  4:24  Zerg Missile Weapons Level 1  
  47  4:26  Zerg Ground Armor Level 1  
  47  4:33  Drone x2  
  47  4:34  Drone x4  
  47  4:37  Overlord x6  
  53  5:08  Glial Reconstitution  
  53  5:11  Roach x9  
  53  5:12  Roach  
  73  5:21  Roach  
  75  5:28  Roach  
  77  5:38  Hatchery, Roach  
  77  5:39  Roach x7  
  92  5:53  Roach  
  92  5:54  Roach  
  96  6:01  Roach x2  
  96  6:02  Burrow  
  100  6:07  Overlord x2  
  100  6:18  Drone x7  
  107  6:27  Zerg Missile Weapons Level 2, Tunneling Claws  
  107  6:33  Drone x2  
  105  6:42  Zerg Ground Armor Level 2  
  89  7:07  Roach  
  89  7:08  Roach x9  
  97  7:13  Roach x4  
  93  7:17  Drone x5  
  96  7:30  Drone x3  
  96  7:32  Hydralisk Den  
  92  7:44  Drone x4  
  92  7:46  Drone x2  
  92  7:48  Queen  
  92  7:50  Extractor x2  
  98  7:51  Drone  
  95  8:07  Drone x4  
  95  8:08  Drone x5  
  95  8:10  Hatchery  
  103  8:14  Roach x4  
  103  8:16  Hydralisk  
  103  8:17  Roach x5  
  105  8:21  Roach  
  105  8:22  Muscular Augments  
  105  8:29  Hydralisk x5  
  115  8:34  Roach x5  
  115  8:47  Hydralisk  
  115  8:48  Hydralisk x5  
  119  8:53  Roach x3  
  125  8:59  Hydralisk  
  125  9:00  Hydralisk x3  
  121  9:14  Roach x4  
  110  9:18  Pneumatized Carapace  
  110  9:26  Drone  
  110  9:27  Drone x10  
  121  9:35  Hydralisk  
  123  9:40  Roach x3  
  123  9:48  Hydralisk x6  
  133  9:59  Roach  
  131  10:01  Infestation Pit  
  126  10:11  Roach  
  126  10:14  Hydralisk x6  
  136  10:24  Overlord x9  
  136  10:34  Roach  
  136  10:35  Overlord  
  136  10:36  Overlord x5  
  136  10:40  Metabolic Boost  
  136  10:42  Queen  
  138  10:43  Roach x2  
  138  10:49  Roach  
  146  10:50  Roach x7  
  116  11:07  Roach  
  116  11:08  Roach x6  
  118  11:24  Roach x6  
  116  11:41  Roach x3  
  116  11:42  Roach x4  
  124  11:51  Hydralisk  
  124  11:53  Hydralisk x4  
  132  11:56  Roach x14  
Tags
 
Add a new tag
Caveats
  • Supply blocks, unpowered buildings, or Contaminate may cause inaccurate times.
  • Supply counts are checked every 10 seconds.